 Dungeon Crawl Stone Soup version 0.28.0-45-g0d030f2227 (webtiles) character file.

Game seed: 10808247577579802048

31 Icepheonix32 the Skirmisher (level 3, -1/43 HPs)
             Began as a Demonspawn Fighter on Apr 10, 2022.
             Slain by a gnoll
             ... wielding a +2 spear of flaming
              (5 damage)
             ... on level 2 of the Dungeon.
             The game lasted 00:01:07 (988 turns).

Icepheonix32 the Skirmisher (Demonspawn Fighter)     Turns: 988, Time: 00:01:07

Health: -1/43      AC:  8    Str: 18    XL:     3   Next: 7%
Magic:  3/3        EV:  9    Int:  9    God:
Gold:   25         SH:  4    Dex: 12    Spells: 2/2 levels left

rFire   . . .      SeeInvis .   a - +0 war axe
rCold   . . .      Faith    .   c - +0 buckler
rNeg    . . .      Spirit   .   b - +0 scale mail
rPois   .          Reflect  .   (no helmet)
rElec   .          Harm     .   (no cloak)
rCorr   .          Rampage  .   (no gloves)
Will    .....                   (no boots)
Stlth   ..........              (no amulet)
HPRegen 0.14/turn               (no ring)
MPRegen 0.08/turn               (no ring)

@: berserking, very quick
A: yellow scales 1, demonic magic 1
a: no special abilities


You were on level 2 of the Dungeon.
You visited 1 branch of the dungeon, and saw 2 of its levels.

You collected 47 gold pieces.
You spent 22 gold pieces at shops.

Inventory:

Hand Weapons
 a - a +0 war axe (weapon)
Armour
 b - a +0 scale mail (worn)
 c - a +0 buckler (worn)
Jewellery
 h - a ring of fire
 k - an amulet of magic regeneration
Scrolls
 g - a scroll of enchant armour {unknown}
 j - a scroll of identify
Potions
 d - a potion of might
 f - a potion of curing {unknown}
 i - a potion of heal wounds {unknown}


   Skills:
 + Level 3.3 Fighting
 * Level 2.2 Axes
 + Level 3.1 Armour
 + Level 0.4 Dodging
 + Level 2.8 Shields


You had 2 spell levels left.
You didn't know any spells.
Your spell library contained the following spells:

 Spells                   Type           Power      Damage    Failure   Level
 Corpse Rot               Necr/Air       0%         N/A       94%         2
 Poisonous Vapours        Pois/Air       0%         N/A       94%         2


Dungeon Overview and Level Annotations

Branches:
Dungeon (2/15)

Altars:

Shops:
D:2 ?


Innate Abilities, Weirdness & Mutations

You are partially covered in yellow scales. (AC +2)
Spells you cast may paralyse adjacent enemies.


Message History

You hit the gnoll.
The gnoll is heavily wounded.
You slash the endoplasm!
You kill the endoplasm!
The gnoll closely misses you. The gnoll hits you with a +0 spear!
The gnoll hits you from afar with a +0 halberd.
You are too injured to fight recklessly!
You are too injured to fight recklessly!
You are too injured to fight recklessly!
You are too injured to fight recklessly!
You are too injured to fight recklessly!
You are too injured to fight recklessly!
You are too injured to fight recklessly!
You are too injured to fight recklessly!
You are too injured to fight recklessly!
You are too injured to fight recklessly!
You are too injured to fight recklessly!
You are too injured to fight recklessly!
You are too injured to fight recklessly!
Unknown command.
You hit the gnoll.
The gnoll is heavily wounded.
You block the gnoll's attack.
The gnoll hits you from afar with a +0 halberd!
* * * LOW HITPOINT WARNING * * *
Unknown command.
You block the gnoll's attack. The gnoll hits you but does no damage.
The gnoll falls through a shaft!
The shaft crumbles and collapses.
Found a scale mail.
You block the gnoll's attack.
Unknown command.
The gnoll barely misses you.
It was a potion of berserk rage.
A red film seems to cover your vision as you go berserk!
You feel yourself moving faster!
You feel mighty!
You feel a strong urge to attack something.
The gnoll barely misses you.
The gnoll hits you from afar with a +2 spear of flaming.
You die...

.. .##......†. ..
#..##.##...# ##.#
..#........##
..####..#.(..##...#
###. ..... .#. ##... #
# #...#... # .###.#. ..
#. #.##.[# .....##
#.#.###.##.# #..
#.##..## #.......##@#
.. #.###... #......gg.#
#..#.# ##..
......##..#### #..#.#
#.# .....
##...#######..#.###...
..##
###...#.............# .
####...####....###.#
#....#....###..###.#
.....#######....#.#.#.#
#### ####........


You could see 2 gnolls.

Vanquished Creatures
  A worm (D:2)
  4 bats
  2 endoplasms
  6 giant cockroaches
  A goblin (D:1)
  5 hobgoblins
  2 ball pythons (D:1)
  A kobold (D:2)
  A rat (D:1)
23 creatures vanquished.

Notes
Turn   | Place    | Note
-------+----------+-------------------------------------------
     0 | D:1      | Icepheonix32 the Demonspawn Fighter began the quest for the
                  | Orb.
     0 | D:1      | Reached XP level 1. HP: 18/18 MP: 1/1
   297 | D:1      | Gained mutation: Spells you cast may paralyse adjacent
                  | enemies. [demonic ancestry]
   297 | D:1      | Reached XP level 2. HP: 24/24 MP: 2/2
   304 | D:1      | Noticed a floating eye
   306 | D:1      | Found a faded altar of an unknown god.
   307 | D:1      | Noticed a golden eye
   307 | D:1      | Noticed a shining eye
   307 | D:1      | Noticed an eye of devastation
   868 | D:2      | Found Vucoypruiwe's Magic Scroll Emporium.
   881 | D:2      | Bought a scroll of identify for 22 gold pieces
   945 | D:2      | Gained mutation: You are partially covered in yellow
                  | scales. (AC +2) [demonic ancestry]
   945 | D:2      | Reached XP level 3. HP: 29/29 MP: 3/3
   988 | D:2      | Slain by a gnoll

Illustrated notes

Levels and vault maps discovered:
D:1:      dpeg_arrival_fog, layout_loops_ring,
          hellmonk_ecumenical_altar_watching_god
D:2:      layout_rooms, serial_shops, shop, st_stairs_13

Skill      XL: |  1  2 |
---------------+-------+-----
Axes           | 2 |  2.2
Armour         | 3 |  3.1
Fighting       | |  3.3
Dodging        | |  0.4
Shields        | |  2.8

Action                   || total
-------------------------++-------
Melee: War axe           ||    66
  Use: Potion            ||     1
Armor: Scale mail        ||    32
Dodge: Dodged            ||    42
Block: Buckler           ||    22
